 Dungeon Crawl Stone Soup version 0.28-a0-1152-g9c71ebef14 (webtiles) character file.

Game seed: 2619338158823417194

65 spaghetti the Skirmisher (level 4, 3/53 HPs)
             Began as an Ogre Delver on Dec 14, 2021.
             Quit the game on level 5 of the Dungeon.
             The game lasted 00:02:34 (827 turns).

spaghetti the Skirmisher (Ogre Delver)               Turns: 827, Time: 00:02:35

Health: 3/53       AC:  3    Str: 16    XL:     4   Next: 14%
Magic:  4/4        EV:  9    Int: 13    God:
Gold:   31         SH:  0    Dex: 10    Spells: 3/3 levels left

rFire   . . .      SeeInvis .   d - +1 quarterstaff {staff}
rCold   . . .      Faith    .   (shield currently unavailable)
rNeg    . . .      Spirit   .   b - +0 robe
rPois   .          Reflect  .   (helmet restricted)
rElec   .          Harm     .   (no cloak)
rCorr   .          Rampage  .   (gloves unavailable)
Will    .....                   (boots unavailable)
Stlth   ++........              (no amulet)
HPRegen 0.17/turn               (no ring)
MPRegen 0.09/turn               (no ring)

@: lethally poisoned (3 -> -3)
A: large, unfitting armour, tough skin 1
a: no special abilities


You were on level 5 of the Dungeon.
You visited 1 branch of the dungeon, and saw 2 of its levels.

You collected 31 gold pieces.


Innate Abilities, Weirdness & Mutations

You are too large for most types of armour.
You have tough skin. (AC +1)


   Skills:
 + Level 6.5 Fighting
 - Level 1.7 Maces & Flails
 - Level 1.7 Dodging
 - Level 3.7 Stealth


You had 3 spell levels left.
You didn't know any spells.
Your spell library was empty.

Inventory:

Hand Weapons
 a - a +0 mace {mace}
 d - a +1 quarterstaff (weapon) {staff}
   (You found it on level 6 of the Dungeon)
Armour
 b - a +0 robe (worn)
Wands
 g - a wand of digging (2)
Potions
 f - a potion of haste {@q3}

Dungeon Overview and Level Annotations

Branches:
Dungeon (6/15)             Temple (0/1) D:6

Altars:

## #.# #.# #.# #.#
##.# #########@#
#######
.....§§#y###.......
.....§§§y§§........
......§§§§§........
......§§§§.........
................##
.................##
...................
.......###.........


You could see 2 killer bees.


Message History

Your hp is fully restored (53).
You now have 19 gold pieces.
You now have 31 gold pieces (gained 12). 2 killer bees come into view.
The killer bee buzzes angrily.
A killer bee comes into view.
Okay, then.
You sock the killer bee! The killer bee stings you.
You are poisoned.
The killer bee poisons you!
The killer bee barely misses you. x2 😕 HP[-2]
You take 2 damage, and now have 51/53 hp.
Okay, then.
Okay, then.
You miss the killer bee.
You feel sick. The killer bee stings you! The killer bee closely misses you.
The killer bee stings you.
You are more poisoned.
The killer bee poisons you! 😕 HP[-10]
You take 10 damage, and now have 41/53 hp.
Unknown command.
As you read the scroll of fear, it crumbles to dust.
You assume a fearsome visage.
The killer bee looks frightened! x2
You feel very sick. 😮 HP[-4]
You take 4 damage, and now have 37/53 hp.
Unknown command.
You feel very sick. 😮 HP[-3]
You take 3 damage, and now have 34/53 hp.
You feel sick. 😮 HP[-1]
You take 1 damage, and now have 33/53 hp.
You feel sick. 😮 HP[-2]
You take 2 damage, and now have 31/53 hp.
You feel sick. 😮 HP[-2]
You take 2 damage, and now have 29/53 hp.
You start resting.
You feel sick. x5
You are no longer poisoned.
A quokka comes into view. 😨 HP[-4]
You take 4 damage, and now have 25/53 hp. 😨 HP[+1] 😮 HP[+1]
e - a scroll labelled ROTWAON QAMUE
There are no items here.
Unknown command.
As you read the scroll labelled ROTWAON QAMUE, it crumbles to dust.
It is a scroll of enchant weapon.
Your +0 quarterstaff {staff} glows red for a moment. 😮 HP[+1] Unknown command.
Okay, then.
Unknown command.
The killer bee stings you.
* * * LOW HITPOINT WARNING * * *
You are poisoned.
The killer bee poisons you! 😨 HP[-5]
You take 5 damage, and now have 23/53 hp.
Unknown command.
Okay, then.
Okay, then.
As you read the scroll of fog, it crumbles to dust.
The scroll dissolves into smoke.
You feel sick.
The killer bee stings you but does no damage.
The killer bee completely misses you. 😨 HP[-2]
You take 2 damage, and now have 21/53 hp.
Unknown command.
Aiming: Dig
Press: ? - help, Shift-Dir - straight line A rock wall.
The rock shatters into small pieces.
You feel sick. The killer bee stings you!
* * * LOW HITPOINT WARNING * * *
The killer bee stings you but does no damage.
The killer bee barely misses you. The killer bee stings you.
* * * LOW HITPOINT WARNING * * *
You are lethally poisoned!
The killer bee poisons you! 😱 HP[-13]
You take 13 damage, and now have 8/53 hp.
MASSIVE DAMAGE!! (PAUSE) Unknown command.
* * * LOW HITPOINT WARNING * * *
You feel sick. 😱 HP[-2]
You take 2 damage, and now have 6/53 hp.
* * * LOW HITPOINT WARNING * * *
You feel very sick.
The killer bee stings you but does no damage. 😱 HP[-3]
You take 3 damage, and now have 3/53 hp.
Okay, then.
You aren't carrying any scrolls.
Unknown command.
Okay, then.
Are you sure you want to abandon this character and quit the game? (Confirm with "yes".)

Skill      XL: |  1  2  3 |
---------------+----------+-----
Fighting       | 5 6 |  6.5
Maces & Flails | |  1.7
Dodging        | |  1.7
Stealth        | |  3.7

Action                   |  1- 3 |  4- 6 || total
-------------------------+-------+-------++-------
Melee: Quarterstaff      |    19 |     4 ||    23
Evoke: Wand              |       |     1 ||     1
  Use: Scroll            |     2 |     3 ||     5
Armor: Robe              |     6 |     4 ||    10
Dodge: Dodged            |    25 |     6 ||    31

Levels and vault maps discovered:
D:5:      kennysheep_six_static_rooms, layout_basic, grunt_decor_arrowhead
D:6:      layout_basic, minmay_temple_entry_mini_moons, minmay_ruined_shrine

Notes
Turn   | Place    | Note
-------+----------+-------------------------------------------
     0 | D:5      | spaghetti the Ogre Delver began the quest for the Orb.
     0 | D:5      | Reached XP level 1. HP: 24/24 MP: 1/1
     0 | D:5      | magus.rc [v1.9.6]
    86 | D:6      | Noticed a necrophage
   310 | D:5      | HP: 6/24 [centaur zombie (2)]
   314 | D:5      | Reached skill level 5 in Fighting
   314 | D:5      | Reached XP level 2. HP: 10/36 MP: 2/2
   314 | D:5      | Reached XP level 3. HP: 13/44 MP: 3/3
   595 | D:5      | Reached skill level 6 in Fighting
   595 | D:5      | Reached XP level 4. HP: 25/53 MP: 4/4
   824 | D:5      | HP: 12/53 [killer bee (7)]
   826 | D:5      | HP: 3/53 [poisoned by a killer bee]
   827 | D:5      | Quit the game

Vanquished Creatures
  A centaur zombie (D:5)
  A hound (D:5)
  A dart slug (D:5)
3 creatures vanquished.

Table legend:
 A = Non-vault XP
 B = Vault XP
 C = Vault XP percentage of total XP
 D = Non-vault monster count
 E = Vault monster count
 F = Vault count percentage of total count
                 A         B        C        D         E       F
            +---------+---------+-------+---------+---------+-------
      Total |      94 |       0 |   0.0 |       3 |       0 |   0.0
            +---------+---------+-------+---------+---------+-------
        D:5 |      94 |       0 |   0.0 |       3 |       0 |   0.0
            +---------+---------+-------+---------+---------+-------

Illustrated notes

Table legend:
 A = Kills in this place as a percentage of kills in entire the game.
 B = Kills by you in this place as a percentage of kills by you in the entire game.
 C = Kills by friends in this place as a percentage of kills by friends in the entire game.
 D = Other kills in this place as a percentage of other kills in the entire game.
 E = Experience gained in this place as a percentage of experience gained in the entire game.
 F = Experience gained in this place divided by the number of levels of this place that you have seen.
                   A       B       C       D       E      F
               +-------+-------+-------+-------+-------+----------------------
         Total | 100.0 | 100.0 |   N/A |   N/A | 100.0 |  47.0
       Dungeon | 100.0 | 100.0 |   N/A |   N/A | 100.0 |  47.0
               +-------+-------+-------+-------+-------+----------------------

Table legend: (Time is in decaauts)
 A = Elapsed time spent in this place.
 B = Non-inter-level travel time spent in this place.
 C = Inter-level travel time spent in this place.
 D = Time resting spent in this place.
 E = Time spent auto-exploring this place.
 F = Levels seen in this place.
 G = Mean time per level.
                   A        B        C        D        E       F      G
               +--------+--------+--------+--------+--------+-----+--------+
         Total |    832 |    832 |      0 |    481 |    186 |   2 |  416.0 |
       Dungeon |    832 |    832 |      0 |    481 |    186 |   2 |  416.0 |
               +--------+--------+--------+--------+--------+-----+--------+

Top non-repeatable levels by time:
     D:5: 651 daAuts
     D:6: 180 daAuts
